 Dungeon Crawl Stone Soup version 0.28.0 (webtiles) character file.

Game seed: 4474772978992707559

4487 AmazingTV the Skirmisher (level 10, -3/88 HPs)
             Began as a Minotaur Fighter on July 11, 2022.
             Was a Priest of Okawaru.
             Slain by a yak (13 damage)
             ... on level 9 of the Dungeon.
             The game lasted 00:20:32 (7054 turns).

AmazingTV the Skirmisher (Minotaur Fighter)         Turns: 7054, Time: 00:20:33

Health: -3/88      AC: 13    Str: 28    XL:     10   Next: 16%
Magic:  7/11       EV: 15    Int:  5    God:    Okawaru [***...]
Gold:   255        SH:  7    Dex: 15    Spells: 9/9 levels left

rFire   x . .      SeeInvis .   a - +8 mace "Demonslayer" {drain, rF- Str+4 Dex+4, mace}
rCold   . . .      Faith    .   c - +0 buckler
rNeg    . . .      Spirit   .   f - +0 scale mail
rPois   .          Reflect  .   (helmet restricted)
rElec   .          Harm     .   (no cloak)
rCorr   +          Rampage  .   A - +2 pair of gloves
Will    .....                   (no boots)
Stlth   ++........              (no amulet)
HPRegen 0.24/turn               B - ring of resist corrosion
MPRegen 0.12/turn               (no ring)

@: mighty, heroic, marked, studying Dodging
A: horns 2, retaliatory headbutt
a: Renounce Religion, Heroism


You were on level 9 of the Dungeon.
You worshipped Okawaru.
Okawaru was most pleased with you.
You visited 2 branches of the dungeon, and saw 9 of its levels.

You collected 255 gold pieces.


Innate Abilities, Weirdness & Mutations

You have a pair of horns on your head.
You reflexively headbutt those who attack you in melee.


   Skills:
 + Level 7.9(12.9) Fighting
 + Level 6.5(13.0) Axes
 + Level 7.2(13.4) Maces & Flails
 + Level 6.1(12.1) Slings
 - Level 5.0(11.2) Throwing
 + Level 7.6(12.6) Armour
 + Level 4.7(9.7) Dodging
 + Level 5.2(10.2) Shields
 + Level 3.0 Invocations


You had 9 spell levels left.
You didn't know any spells.
Your spell library contained the following spells:

 Spells                   Type           Power      Damage    Failure   Level
 Blink                    Tloc           0%         N/A       87%         2
 Static Discharge         Conj/Air       0%         N/A       87%         2
 Lesser Beckoning         Tloc           0%         N/A       98%         3
 Anguish                  Hex/Necr       0%         N/A       100%        4
 Dispel Undead            Necr           0%         3d6       100%        4
 Sticky Flame             Conj/Fire      0%         2d3       100%        4
 Manifold Assault         Tloc           0%         N/A       100%        5
 Enfeeble                 Hex            0%         N/A       100%        7
 Tukima's Dance           Hex            Unusable   N/A       N/A         3

Inventory:

Hand Weapons
 a - the +8 mace "Demonslayer" (weapon) {drain, rF- Str+4 Dex+4, mace}
   (You found it on level 5 of the Dungeon)

   A truly terrible weapon, it drains the life of any living foe it strikes.
   Str:       It affects your strength (+4).
   Dex:       It affects your dexterity (+4).
   rF:        It makes you vulnerable to fire.
 b - a +3 flail {mace}
   (You found it on level 3 of the Dungeon)
 k - a +2 mace of protection {mace}
   (You found it on level 1 of the Dungeon)
 r - the +1 hand axe "Hipto" {vorpal, Dex+2, axe}
   (You found it on level 3 of the Dungeon)

   It inflicts extra damage upon your enemies.
   Dex:       It affects your dexterity (+2).
 I - a +2 antimagic hand axe {axe}
   (You took it off Blork the orc on level 5 of the Dungeon)
Missiles
 g - 47 sling bullets
 n - 140 stones (quivered)
 u - 8 bolts
 x - a throwing net {=f!f}
 y - 137 arrows
 C - 3 boomerangs
 H - 2 poisoned darts
Armour
 c - a +0 buckler (worn)
 f - a +0 scale mail (worn)
 A - a +2 pair of gloves (worn)
   (You found it on level 4 of the Dungeon)
Jewellery
 B - a ring of resist corrosion (left hand)
   (You found it on level 4 of the Dungeon)
 G - a ring of ice
   (You found it on level 6 of the Dungeon)
 K - a ring of fire
   (You found it on level 6 of the Dungeon)
Scrolls
 e - a scroll of magic mapping {unknown}
 h - 2 scrolls of immolation {!r!r}
 j - a scroll of enchant weapon {unknown}
 m - 4 scrolls of identify {@r1}
 o - 2 scrolls of amnesia
 s - 2 scrolls of enchant armour {unknown}
 t - a scroll of blinking {unknown}
 v - 3 scrolls of teleportation {@r4}
 w - 2 scrolls of fog {unknown}
 D - a scroll of noise {unknown}
 J - a scroll of summoning {unknown}
 L - a scroll of torment {unknown}
Potions
 d - 2 potions of might
 i - a potion of cancellation {unknown}
 l - 2 potions of attraction {unknown}
 p - 2 potions of invisibility
 q - 4 potions of curing {@q1}
 z - a potion of haste {unknown}
 F - 2 potions of brilliance {unknown}

Dungeon Overview and Level Annotations

Branches:
Dungeon (7/15)             Temple (1/1) D:5

Altars:
Ashenzari
Cheibriados
Dithmenos
Fedhas
Gozag
Hepliaklqana
Kikubaaqudgha
Makhleb
Nemelex Xobeh
Okawaru
Qazlal
Ru
Sif Muna
Trog
Uskayaw
Vehumet
Wu Jian
Xom
Yredelemnul
Zin
The Shining One

Shops:
D:6 [

Annotations:
D:3 2 transporters

# .############# #
.......@YgYo.## #
.#########o...### ## ###
###...##.## #.
##..###.Y.......#### #.
≈≈.#...#.#Y........#..###.
...g.....Y......#......##.
#.##..Y###......##....##..
#...YY. ...o..............
#<...O.#..................


You could see 2 yaks, an orc wizard, an orc and a goblin.


Message History

The centaur hits you but does no damage.
You block the centaur's attack.
Items here: ))) [ †.
You bludgeon the centaur!!
You kill the centaur!
Okawaru accepts your kill.
The orc priest mumbles some strange prayers to Beogh against you.
Beogh smites you!
* * * LOW HITPOINT WARNING * * *
😱 HP[-14]
You take 14 damage, and now have 12/88 hp.
You sock the yak! The yak gores you.
* * * LOW HITPOINT WARNING * * *
😱 HP[-3]
You take 3 damage, and now have 9/88 hp.
You barely miss the yak. You sock the yak! You headbutt the yak!
You block the yak's attack.
You feel much better.
The orc priest invokes the aid of Beogh against you.
Beogh smites you!
* * * LOW HITPOINT WARNING * * *
The yak barely misses you. You furiously retaliate!
You headbutt the yak!
You kill the yak!
Okawaru accepts your kill.
Your base Slings skill increases to level 6! 😱 HP[+10]
You regained 10 hp, and now have 19/88 hp.
You thump the yak! You drain the yak.
A yak comes into view.
The yak closely misses you. 😱 MP[+1]
You sock the yak!
The orc priest invokes the aid of Beogh against you.
Beogh smites you!
* * * LOW HITPOINT WARNING * * *
You block the yak's attack. 😱 HP[-13]
You take 13 damage, and now have 6/88 hp.
You sock the yak!
You kill the yak!
Okawaru accepts your kill.
You closely miss the orc priest. You barely miss the orc priest.
Your headbutt misses the orc priest.
You feel like a meek peon again.
The orc priest hits you with a +0 short sword.
* * * LOW HITPOINT WARNING * * *
😱 HP[-1]
You take 1 damage, and now have 5/88 hp.
You feel much better.
The orc priest calls down the wrath of Beogh upon you.
Pain shoots through your body!
* * * LOW HITPOINT WARNING * * *
😱 HP[+14]
You regained 14 hp, and now have 19/88 hp.
You sock the orc priest!
The orc priest hits you but does no damage. 😱 HP[+1]
You sock the orc priest!
You kill the orc priest!
Okawaru accepts your kill.
You closely miss something. Your headbutt misses something.
Something barely misses you.
You barely miss something. Your headbutt misses something. Something hits you.
* * * LOW HITPOINT WARNING * * *
An orc wizard comes into view.
It is wielding a +2 dagger of protection. 😱 MP[+1]
You miss something. Something hits you.
* * * LOW HITPOINT WARNING * * *
An orc comes into view. It is wielding a +0 dagger. 😱 HP[-3]
You take 3 damage, and now have 17/88 hp.
You miss something. You headbutt something!
You hear some strange, mumbled words.
A magic dart appears from out of thin air!
The magic dart hits you!
* * * LOW HITPOINT WARNING * * *
😱 HP[-10]
You take 10 damage, and now have 7/88 hp.
You feel better.
Something hits you but does no damage. 😱 HP[+9]
You regained 9 hp, and now have 16/88 hp.
Okay, then.
You gain the combat prowess of a mighty hero.
Something completely misses you. 😱 HP[+1] MP[-2]
You lost 2 mp, and now have 7/11 mp.
You miss something. You headbutt something. Okawaru accepts your kill.
Reactivating autopickup.
You feel a bit more experienced.
You bludgeon the yak!! You drain the yak! The yak gores you!
* * * LOW HITPOINT WARNING * * *
😱 HP[-7]
You take 7 damage, and now have 10/88 hp.
You thump the yak!
You kill the yak!
Okawaru accepts your kill.
Your Invocations skill increases to level 3!
You barely miss the yak. The yak gores you!
You die...

Skill      XL: |  1  2  3  4  5  6  7  8  9 10 |
---------------+-------------------------------+-----
Axes           | 1 2 3 4 5 6 |  6.5
Slings         | 1 2 3 4 5 6 |  6.1
Throwing       | 1 2 3 4 5 |  5.0
Maces & Flails | 3 4 5 6 7 |  7.2
Fighting       | 4 5 6 7 |  7.9
Armour         | 4 5 6 7 |  7.6
Dodging        | 1 4 |  4.7
Invocations    | 2 3 |  3.0
Shields        | 5 |  5.2

Action                   |  1- 3 |  4- 6 |  7- 9 | 10-12 || total
-------------------------+-------+-------+-------+-------++-------
Melee: Flail             |     8 |       |       |       ||     8
       Headbutt          |    10 |    13 |    36 |     3 ||    62
       Mace              |    62 |   107 |   213 |    19 ||   401
Throw: Dart              |       |     2 |     6 |       ||     8
       Stone             |       |       |     1 |       ||     1
Invok: Heroism           |       |       |     3 |     1 ||     4
  Use: Scroll            |       |       |     6 |       ||     6
       Potion            |       |       |     3 |     3 ||     6
Armor: Scale mail        |    33 |    46 |   114 |     3 ||   196
Dodge: Dodged            |    32 |    63 |   105 |     4 ||   204
Block: Buckler           |    16 |    23 |    53 |     3 ||    95

Levels and vault maps discovered:
D:1:      zaba_arrival_water, layout_basic, hellmonk_ecumenical_altar_blasted
D:2:      layout_basic, basic_altar, uniq_robin
D:3:      gammafunk_steamed_eel, layout_rooms
D:4:      minmay_chambers_of_twos, layout_loops_corners
D:5:      layout_rooms, minmay_temple_entry_statues_pillars, serial_rivers,
          chequers_serial_rivers_small_b, chequers_serial_rivers_micro_c,
          chequers_serial_rivers_micro_b, chequers_serial_rivers_marsh,
          chequers_serial_rivers_large_a, chequers_serial_rivers_micro_d,
          st_stairs_8, uniq_blork_the_orc
D:6:      layout_layer_cave, serial_shops, shop, minmay_manual_mares
D:7:      layout_cave_pods
D:9:      layout_cave_pools, serial_shops, nicolae_shop_stone,
          lightli_bailey_entry_fortress, moated_statue,
          nicolae_looking_at_the_future, uniq_harold, uniq_joseph
Temple:   grunt_wide_crystal_templ

Notes
Turn   | Place    | Note
-------+----------+-------------------------------------------
     0 | D:1      | AmazingTV the Minotaur Fighter began the quest for the Orb.
     0 | D:1      | Reached XP level 1. HP: 19/19 MP: 0/0
     0 | D:1      | magus.rc [v1.9.6]
    61 | D:1      | Reached XP level 2. HP: 20/27 MP: 1/1
   247 | D:1      | Reached skill level 1 in Axes
   249 | D:1      | Found a faded altar of an unknown god.
   758 | D:2      | Found a basalt altar of Yredelemnul.
   804 | D:2      | Reached skill level 1 in Slings
   804 | D:2      | Reached XP level 3. HP: 32/33 MP: 2/2
   883 | D:2      | You pick up a book of Touch and begin reading...
   883 | D:2      | You add the spells Static Discharge, Sticky Flame and
                  | Dispel Undead to your library.
  1126 | D:2      | You pick up a book of Maledictions and begin reading...
  1126 | D:2      | You add the spells Tukima's Dance, Anguish and Enfeeble to
                  | your library.
  1146 | D:2      | Noticed Robin
  1154 | D:2      | Reached skill level 1 in Throwing
  1159 | D:2      | Reached skill level 3 in Maces & Flails
  1255 | D:2      | Reached skill level 4 in Fighting
  1285 | D:2      | Reached skill level 4 in Armour
  1288 | D:2      | Killed Robin
  1292 | D:2      | Reached XP level 4. HP: 33/40 MP: 3/3
  1921 | D:3      | Found a transporter.
  1951 | D:3      | Identified the +1 hand axe "Hipto" {vorpal, Dex+2}
  1970 | D:3      | Found a transporter.
  2322 | D:4      | Noticed a scorpion
  2326 | D:4      | Killed a scorpion
  2327 | D:4      | Reached skill level 2 in Axes
  2327 | D:4      | Reached XP level 5. HP: 47/47 MP: 4/4
  2445 | D:4      | Reached skill level 2 in Slings
  2627 | D:4      | Reached skill level 2 in Throwing
  2683 | D:4      | Reached XP level 6. HP: 50/53 MP: 5/5
  2835 | D:4      | Reached skill level 3 in Axes
  2835 | D:4      | Reached skill level 4 in Maces & Flails
  2840 | D:4      | Reached skill level 5 in Fighting
  3164 | D:4      | Reached skill level 3 in Slings
  3164 | D:4      | Reached skill level 5 in Armour
  3233 | D:4      | Reached XP level 7. HP: 49/61 MP: 6/6
  3438 | D:5      | Entered Level 5 of the Dungeon
  3438 | D:5      | Noticed a steam dragon
  3560 | D:4      | Reached skill level 3 in Throwing
  3865 | D:5      | Reached skill level 4 in Axes
  3895 | D:5      | Reached skill level 5 in Maces & Flails
  3959 | D:5      | Reached skill level 4 in Slings
  3959 | D:5      | Reached XP level 8. HP: 70/70 MP: 7/7
  4093 | D:5      | Found a staircase to the Ecumenical Temple.
  4096 | D:5      | Identified the +4 robe "Woxkamm" {rF++ Dex-5}
  4105 | Temple   | Entered the Ecumenical Temple
  4110 | Temple   | Became a worshipper of Warmaster Okawaru
  4360 | D:5      | Reached skill level 6 in Fighting
  4368 | D:5      | Noticed Blork the orc
  4374 | D:5      | Reached skill level 6 in Armour
  4376 | D:5      | Identified the +8 mace "Demonslayer" {drain, rF- Str+4
                  | Dex+4}
  4385 | D:5      | Killed Blork the orc
  4386 | D:5      | Reached skill level 4 in Throwing
  4867 | D:6      | Found Ynnaogom's Armour Emporium.
  4949 | D:6      | HP: 11/70 [ogre (16)]
  4968 | D:5      | HP: 7/70 [ogre (8)]
  4988 | D:5      | Reached skill level 5 in Axes
  5368 | D:6      | You pick up a book of Spatial Translocations and begin
                  | reading...
  5368 | D:6      | You add the spells Blink, Lesser Beckoning and Manifold
                  | Assault to your library.
  5767 | D:6      | Reached skill level 6 in Maces & Flails
  5796 | D:6      | Reached * piety under Okawaru
  5797 | D:6      | Reached skill level 5 in Slings
  5797 | D:6      | Reached skill level 1 in Dodging
  6143 | D:7      | Reached XP level 9. HP: 50/78 MP: 8/8
  6145 | D:7      | Reached skill level 1 in Invocations
  6377 | D:7      | Reached skill level 2 in Dodging
  6377 | D:7      | Reached skill level 4 in Shields
  6675 | D:7      | Reached skill level 7 in Fighting
  6702 | D:7      | You fall into a shaft and drop 2 floors!
  6715 | D:9      | Reached skill level 7 in Armour
  7000 | D:9      | Noticed Harold
  7003 | D:9      | Noticed a two-headed ogre
  7027 | D:9      | Killed Harold
  7027 | D:9      | Reached ** piety under Okawaru
  7028 | D:9      | Reached skill level 6 in Axes
  7028 | D:9      | Reached skill level 5 in Throwing
  7028 | D:9      | Reached skill level 3 in Dodging
  7028 | D:9      | Reached skill level 2 in Invocations
  7029 | D:9      | Killed a two-headed ogre
  7029 | D:9      | Reached *** piety under Okawaru
  7030 | D:9      | Reached skill level 7 in Maces & Flails
  7030 | D:9      | Reached skill level 4 in Dodging
  7030 | D:9      | Reached skill level 5 in Shields
  7030 | D:9      | Reached XP level 10. HP: 26/88 MP: 7/11
  7031 | D:9      | HP: 12/88 [orc priest/divine providence (14)]
  7036 | D:9      | Reached skill level 6 in Slings
  7037 | D:9      | HP: 6/88 [orc priest/divine providence (14)]
  7046 | D:9      | HP: 20/88 [something (1)]
  7048 | D:9      | HP: 7/88 [something/magic dart (10)]
  7054 | D:9      | Reached skill level 3 in Invocations
  7054 | D:9      | Slain by a yak

Vanquished Creatures
  Harold (D:9)
  A two-headed ogre (D:9)
  3 yaks (D:9)
  A steam dragon (D:5)
  A water moccasin (D:7)
  2 ice beasts
  A hornet zombie (D:7)
  An orc warrior (D:9)
  2 sky beasts
  A necrophage (D:4)
  3 ogres
  5 centaurs
  Blork the orc (D:5)
  A bullfrog (D:7)
  3 scorpions
  A water moccasin skeleton (D:4)
  3 killer bees (D:9)
  A howler monkey (D:5)
  A centaur zombie (D:5)
  4 bullfrog skeletons
  A hound (D:4)
  4 jellies
  2 orc priests
  8 iguanas
  4 orc wizards
  Robin (D:2)
  A gnoll (D:1)
  3 adders
  A white imp (D:6)
  2 ufetubi
  2 adder skeletons (D:4)
  A dart slug (D:1)
  19 orcs
  7 ball pythons
  8 endoplasms
  2 giant cockroaches
  10 goblins
  11 hobgoblins
  4 jackals (D:4)
  5 quokkas
  5 bats
  4 frilled lizards
  4 kobolds
  4 rats
150 creatures vanquished.

Table legend:
 A = Non-vault XP
 B = Vault XP
 C = Vault XP percentage of total XP
 D = Non-vault monster count
 E = Vault monster count
 F = Vault count percentage of total count
                 A         B        C        D         E       F
            +---------+---------+-------+---------+---------+-------
      Total |    4983 |    1427 |  22.3 |     123 |      27 |  18.0
            +---------+---------+-------+---------+---------+-------
        D:1 |      36 |       0 |   0.0 |      14 |       0 |   0.0
        D:2 |      28 |      40 |  58.8 |      17 |      13 |  43.3
        D:3 |      20 |       0 |   0.0 |      12 |       0 |   0.0
        D:4 |     758 |     171 |  18.4 |      29 |       8 |  21.6
        D:5 |     935 |     139 |  12.9 |      14 |       3 |  17.6
        D:6 |     391 |     227 |  36.7 |      10 |       2 |  16.7
        D:7 |     872 |       0 |   0.0 |      14 |       0 |   0.0
        D:9 |    1943 |     850 |  30.4 |      13 |       1 |   7.1
            +---------+---------+-------+---------+---------+-------

Illustrated notes

Table legend:
 A = Kills in this place as a percentage of kills in entire the game.
 B = Kills by you in this place as a percentage of kills by you in the entire game.
 C = Kills by friends in this place as a percentage of kills by friends in the entire game.
 D = Other kills in this place as a percentage of other kills in the entire game.
 E = Experience gained in this place as a percentage of experience gained in the entire game.
 F = Experience gained in this place divided by the number of levels of this place that you have seen.
                   A       B       C       D       E      F
               +-------+-------+-------+-------+-------+----------------------
         Total | 100.0 | 100.0 |   N/A |   N/A | 100.0 | 712.2
       Dungeon | 100.0 | 100.0 |   N/A |   N/A | 100.0 | 801.2
               +-------+-------+-------+-------+-------+----------------------

Table legend: (Time is in decaauts)
 A = Elapsed time spent in this place.
 B = Non-inter-level travel time spent in this place.
 C = Inter-level travel time spent in this place.
 D = Time resting spent in this place.
 E = Time spent auto-exploring this place.
 F = Levels seen in this place.
 G = Mean time per level.
                   A        B        C        D        E       F      G
               +--------+--------+--------+--------+--------+-----+--------+
         Total |   7140 |   6914 |    226 |   1208 |   4529 |   9 |  793.3 |
       Dungeon |   7069 |   6861 |    208 |   1208 |   4491 |   8 |  883.6 |
        Temple |     70 |     52 |     18 |      0 |     38 |   1 |   70.0 |
               +--------+--------+--------+--------+--------+-----+--------+

Top non-repeatable levels by time:
     D:4: 1571 daAuts
     D:5: 1149 daAuts
     D:6: 1140 daAuts
     D:2: 938 daAuts
     D:1: 768 daAuts
     D:3: 582 daAuts
     D:7: 573 daAuts
     D:9: 345 daAuts
  Temple: 70 daAuts
